 Dungeon Crawl Stone Soup version 0.23-a0-319-gb40ba49 (webtiles) character file.

12308 Amnesiac the Geomancer (level 11, -4/90 HPs)
             Began as a Deep Dwarf Earth Elementalist on Oct 14, 2018.
             Was a Believer of Ashenzari.
             Slain by an orc warrior
             ... wielding a +0 hand axe
             ... led by an orc knight
              (24 damage)
             ... on level 1 of the Orcish Mines.
             The game lasted 00:36:24 (11431 turns).

Amnesiac the Geomancer (DDEE)                      Turns: 11431, Time: 00:36:25

Health: -4/90      AC: 10    Str: 12    XL:     11   Next: 60%
Magic:  10/19      EV: 18    Int: 27    God:    Ashenzari [**....]
Gold:   844        SH:  0    Dex: 13    Spells: 9/24 levels left

rFire    . . .     SeeInvis .   a - +4 dagger
rCold    . . .     Gourm    .   (no shield)
rNeg     . . .     Faith    .   D - +0 leather armour (curse)
rPois    .         Spirit   .   k - +0 helmet (curse)
rElec    .         Reflect  .   p - +0 cloak
rCorr    .         Harm     +   F - +0 pair of gloves (curse)
MR       +....                  (no boots)
Stlth    ++++......             h - amulet of Suc Faho {Harm *Drain Int+5} (curse)
HPRegen  0.00/turn              b - +3 ring of intelligence
MPRegen  0.16/turn              g - +3 ring of protection (curse)

@: non-regenerating, studying Axes
A: damage resistance, heal wounds, repulsion field 1, rugged brown scales 1,
frail 1, sense surroundings 2, no regeneration
a: Heal Wounds, Curse Item, Scrying, Renounce Religion


You were on level 1 of the Orcish Mines.
You worshipped Ashenzari.
Ashenzari was pleased with you.
You were hungry.

You visited 2 branches of the dungeon, and saw 12 of its levels.
You also visited: Bailey and Volcano.

You collected 844 gold pieces.

Inventory:

Hand Weapons
 a - a +4 dagger (weapon)
Missiles
 m - 67 stones (quivered)
Armour
 k - a cursed +0 helmet (worn)
 p - a +0 cloak (worn)
 D - a cursed +0 leather armour (worn)
 F - a cursed +0 pair of gloves (worn)
 M - a +3 leather armour of fire resistance
Jewellery
 b - a +3 ring of intelligence (left hand)
 g - a cursed +3 ring of protection (right hand)
 h - the cursed amulet of Suc Faho (around neck) {Harm *Drain Int+5}
   (You took it off a centaur on level 8 of the Dungeon)

   [amulet of harm]

   It increases damage dealt and taken.
   It affects your intelligence (+5).
   It causes draining when unequipped.
   It has a curse placed upon it.
 l - an uncursed ring of ice
 s - an uncursed ring of protection from magic
 u - an uncursed ring of flight
 v - an uncursed ring of resist corrosion
Wands
 e - a wand of random effects (22)
 f - a wand of acid (1)
 n - a wand of digging (16)
 q - a wand of flame (26)
 r - a wand of enslavement (11)
 w - a wand of clouds (2)
 y - a wand of iceblast (8)
Scrolls
 c - 3 scrolls of amnesia {!r}
 i - 2 scrolls of identify {!r}
 o - 5 scrolls of teleportation {!r}
 t - a scroll of remove curse {!r}
 A - 5 scrolls of magic mapping {!r}
 E - a scroll of enchant weapon {!r}
 I - 2 scrolls of blinking {!r}
Potions
 j - 3 potions of brilliance {!q}
 x - a potion of lignification {!q}
 z - a potion of flight {!q}
 B - a potion of magic {!q}
 C - a potion of mutation {!q}
 G - 2 potions of might {!q}
 H - 3 potions of berserk rage {!q}
 L - a potion of agility {!q, unknown}
 P - a potion of resistance {!q, unknown}
Books
 J - a manual of Axes
Miscellaneous
 O - a phantom mirror
Comestibles
 d - 13 rations
 N - 11 chunks of flesh


   Skills:
 + Level 5.6 Fighting
 - Level 8.3 Short Blades
 + Level 7.3(8.8) Dodging
 - Level 8.1(9.6) Stealth
 + Level 7.1 Spellcasting
 - Level 0.8(1.6) Transmutations
 - Level 10.0(11.3) Earth Magic
 - Level 8.0(9.4) Evocations


You had 9 spell levels left.
You knew the following spells:

 Your Spells              Type           Power        Failure   Level  Hunger
a - Sandblast             Erth           ######       1%          1    None
b - Passwall              Tmut/Erth      #####...     1%          2    None
c - Stone Arrow           Conj/Erth      #####.       1%          3    None
d - Lee's Rapid Deconstr  Erth           ######....   1%          5    #####..
e - Petrify               Tmut/Erth      #####...     4%          4    ##.....

Your spell library contained the following spells:

 Spells                   Type           Power        Failure   Level  Hunger
 Flame Tongue             Conj/Fire      ##...        7%          1    None
 Throw Flame              Conj/Fire      ##....       11%         2    None
 Conjure Flame            Conj/Fire      ##......     21%         3    None
 Inner Flame              Hex/Fire       ##......     21%         3    None
 Sticky Flame             Conj/Fire      ##......     56%         4    ##.....
 Fireball                 Conj/Fire      ##........   88%         5    #####..


Dungeon Overview and Level Annotations

Branches:
Dungeon (10/15)            Temple (0/1) D:7             Orc (2/2) D:9
   Lair: D:8-11         Elf: Orc:2

Altars:
Ashenzari
Fedhas
Hepliaklqana
Kikubaaqudgha
Makhleb
Nemelex Xobeh
Okawaru
Qazlal
Uskayaw
Vehumet
Zin
The Shining One

Shops:
D:9 }

Annotations:
D:4 1 exclusion
Orc:1 1 runed door, exclusion: orange crystal statue


Innate Abilities, Weirdness & Mutations

You are resistant to damage.
You can heal yourself by infusing magical energy.
You passively map the area around you.
You do not regenerate.
You are surrounded by a mild repulsion field. (EV +2)
You are partially covered in rugged brown scales. (AC +1, +3% HP)
You are frail. (-10% HP)


Message History

You butcher the orc corpse.
N - 18 chunks of flesh (gained 1)
Things that are here:
an uncursed halberd; a +0 plate armour; an orc skeleton
Things that are here:
an uncursed halberd; a +0 plate armour; an orc skeleton Some of the chunks of flesh in your inventory have rotted away.
Key pressed, stopping explore.
Key pressed, stopping explore.
You found a teleport trap!
Some of the chunks of flesh in your inventory have rotted away.
The more cursed you are, the more Ashenzari supports your skills.
Some of the chunks of flesh in your inventory have rotted away.
Things that are here:
an uncursed dagger; a +0 leather armour You now have 844 gold pieces (gained 20).
The warg is too close now for your liking.
A warg is nearby!
A warg is nearby!
Casting: Petrify (safe; 4% risk of failure)
Confirm with . or Enter, or press ? or * to list all spells.
Aiming: Petrify (safe; 4% risk of failure)
Press: ? - help, Shift-Dir - straight line, f - warg
Aim: a warg (hasn't noticed you, chance to defeat MR: 51%)
The warg howls!
The warg is moving more slowly.
You hear a shout! x2
An orc warrior comes into view. It is wielding a hand axe.
An orc warrior comes into view. It is wielding a war axe.
Unknown command.
An orc knight comes into view. It is wielding a dire flail.
An orc comes into view. It is wielding a flail.
The orc warrior closely misses you.
The orc knight shouts!
You hear a shout!
The orc warrior barely misses you.
The orc knight roars a battlecry!
The orc warriors go into a battle-frenzy!
The orc warrior shouts!
The helpless warg fails to defend itself.
You perforate the warg like a sieve!!!!
You kill the warg!
You hear a shout!
The orc knight roars a battlecry!
The orc warrior closely misses you.
The orc warrior hits you with a hand axe!!
* * * LOW HITPOINT WARNING * * *
Casting: Petrify (safe; 4% risk of failure)
Confirm with . or Enter, or press ? or * to list all spells.
Aiming: Petrify (safe; 4% risk of failure)
Press: ? - help, Shift-Dir - straight line, f - orc warrior
Aim: an orc warrior, wielding a hand axe and wearing a plate armour (unusually The orc warrior struggles to resist.
You are feeling hungry.
Unknown command.
The orc warrior hits you with a hand axe!!
* * * LOW HITPOINT WARNING * * *
Casting: Petrify (safe; 4% risk of failure)
Confirm with . or Enter, or press ? or * to list all spells.
Aiming: Petrify (safe; 4% risk of failure)
Press: ? - help, Shift-Dir - straight line, f/p - orc warrior
Aim: an orc warrior, wielding a hand axe and wearing a plate armour (unusually The orc warrior is moving more slowly.
The orc warrior hits you with a hand axe!!
You die...

......)..#..###...............#..
....))..#...##...#.........#. ##.
.........#.####.#.........##* ##.
.>......#...# ####......### ###..
...........####.##.#...######....
.....#.....#.#......#....##......
.................#.##............
.............##.##.#...#.##......
#......#........@o.o...#####.####
......##.....##.##.##.## #.#{,.
.....####....#######....####.#,*
.#.######...## #......##o# ,
#####.##....#### ##.......o+ , #
#.......###.### ##.......# ,,
#.......#.....## #........#.#
#....#.........# ##.#.....#8..
##.###....###### #...##...####


You could see an orc knight and an orc warrior (petrifying).

Vanquished Creatures
  A stone giant (Volcano)
  Harold (D:9)
  A catoblepas (D:8)
  2 two-headed ogres
  A skeletal warrior (D:9)
  A wizard (D:9)
  Pikel (D:9)
  The ghost of Amnesiac the Digger, a novice TrEE of Dithmenos (D:6)
  An ugly thing (D:8)
  A manticore (D:8)
  A komodo dragon (D:8)
  An efreet (Volcano)
  A troll (Orc:1)
  A hornet (D:8)
  A hippogriff (D:8)
  A fire elemental (Volcano)
  A warg (Orc:1)
  A water moccasin (D:8)
  5 orc warriors
  An ice beast (D:8)
  2 phantoms (D:8)
  2 sky beasts
  4 slaves (D:9)
  5 ogres
  A black bear (D:8)
  4 centaurs
  A big kobold (D:7)
  7 bullfrogs
  A wyvern zombie (D:9)
  2 earth elementals (Volcano)
  2 scorpions
  A wyvern skeleton (D:8)
  A killer bee (D:8)
  4 wights
  A howler monkey (D:8)
  4 crimson imps
  A bullfrog zombie (D:9)
  3 hounds
  A bullfrog skeleton (D:4)
  2 centaur zombies (D:8)
  2 jellies
  6 orc priests
  Crazy Yiuf (D:4)
  7 orc wizards
  2 centaur skeletons
  Jessica (D:3)
  Terence (D:3)
  2 iguanas
  12 worker ants
  2 hound skeletons
  3 worker ant zombies
  Robin (D:3)
  8 gnolls
  8 adders
  An ooze (D:1)
  An adder skeleton (D:5)
  2 worms
  A dart slug (D:2)
  4 leopard geckos
  52 orcs
  A ball python (D:2)
  9 giant cockroaches
  19 goblins
  15 hobgoblins
  15 jackals
  18 kobolds
  4 quokkas
  3 bats (D:1)
  16 frilled lizards
  A jackal skeleton (D:8)
  A jackal zombie (D:8)
  A leopard gecko skeleton (D:6)
  A quokka zombie (D:7)
  4 rats
299 creatures vanquished.

Notes
Turn   | Place    | Note
-------+----------+-------------------------------------------
     0 | D:1      | Amnesiac the Deep Dwarf Earth Elementalist began the quest
                  | for the Orb.
     0 | D:1      | Reached XP level 1. HP: 15/15 MP: 3/3
   121 | D:1      | Reached XP level 2. HP: 20/22 MP: 5/5
   224 | D:2      | Reached skill level 5 in Earth Magic
   261 | D:1      | Reached XP level 3. HP: 7/28 MP: 1/6
   265 | D:1      | Learned a level 2 spell: Passwall
   388 | D:2      | Found a burning altar of Makhleb.
   423 | D:3      | Noticed Robin
   432 | D:3      | Killed Robin
   631 | D:3      | Noticed Terence
   711 | D:4      | Noticed an ogre
   715 | D:4      | Killed an ogre
   715 | D:4      | Reached skill level 6 in Earth Magic
   715 | D:4      | Reached XP level 4. HP: 33/36 MP: 3/8
   715 | D:4      | Reached XP level 5. HP: 39/42 MP: 3/9
   716 | D:4      | Noticed an ogre
   720 | D:4      | Killed an ogre
   720 | D:4      | Reached skill level 7 in Earth Magic
   773 | D:4      | Learned a level 5 spell: Lee's Rapid Deconstruction
   833 | D:4      | Reached XP level 6. HP: 45/49 MP: 0/11
  1009 | D:4      | Reached skill level 8 in Earth Magic
  1015 | D:4      | Learned a level 4 spell: Petrify
  1277 | D:4      | Noticed a dagger
  1278 | D:4      | Noticed a dagger
  1282 | D:4      | Found a hide-covered altar of Uskayaw.
  1519 | D:4      | Found a shattered altar of Ashenzari.
  1723 | D:4      | Found a runed door.
  1727 | D:4      | Noticed Crazy Yiuf
  1728 | D:4      | Killed Crazy Yiuf
  1771 | D:5      | Entered Level 5 of the Dungeon
  1777 | D:5      | Reached skill level 9 in Earth Magic
  1777 | D:5      | Reached XP level 7. HP: 47/55 MP: 10/12
  2825 | D:6      | Found a runed door.
  2825 | D:6      | Noticed Amnesiac's ghost (novice TrEE)
  3064 | D:6      | Reached skill level 10 in Earth Magic
  3093 | D:6      | Reached skill level 1 in Short Blades
  3445 | D:6      | Reached XP level 8. HP: 31/62 MP: 10/14
  3717 | D:4      | Became a worshipper of Ashenzari the Shackled
  3860 | D:3      | Noticed Jessica
  3866 | D:3      | Killed Jessica
  5373 | D:3      | Found a sparkling altar of Nemelex Xobeh.
  5374 | D:3      | Found a hazy altar of Hepliaklqana.
  5413 | D:3      | Killed Terence
  5752 | D:6      | Killed Amnesiac's ghost
  5876 | D:7      | Found a staircase to the Ecumenical Temple.
  5881 | D:7      | Reached skill level 5 in Short Blades
  5892 | D:7      | Reached skill level 5 in Stealth
  5920 | D:7      | Found an iron altar of Okawaru.
  6009 | D:7      | Gained mutation: You passively map the area around you.
                  | [Deep Dwarf growth]
  6009 | D:7      | Reached XP level 9. HP: 47/68 MP: 5/15
  6186 | D:7      | Found a stormy altar of Qazlal.
  6196 | D:7      | Found a blossoming altar of Fedhas.
  6694 | D:8      | Identified a paperback manual
  6800 | D:8      | Reached * piety under Ashenzari
  6822 | D:8      | Noticed a two-headed ogre
  6972 | D:8      | Killed a two-headed ogre
  6972 | D:8      | Reached skill level 5 in Evocations
  7584 | D:8      | Found a runed door.
  7585 | D:8      | Found a runed door.
  7588 | D:8      | Found a runed door.
  7588 | D:8      | Noticed a catoblepas
  7593 | D:8      | Reached XP level 10. HP: 42/75 MP: 5/16
  7937 | D:8      | Killed a catoblepas
  8332 | D:8      | Noticed a brown ugly thing
  8332 | D:8      | Noticed a manticore
  8443 | D:8      | Killed a manticore
  8443 | D:8      | Reached skill level 1 in Fighting
  8443 | D:8      | Reached skill level 5 in Spellcasting
  8444 | D:8      | Identified the amulet of Suc Faho {Harm *Drain Int+5} (You
                  | took it off a centaur on level 8 of the Dungeon)
  8722 | D:8      | Killed a brown ugly thing
  8732 | D:8      | Got the whip of Ceopsuo {venom, rElec}
  8738 | D:8      | Identified the +5 whip of Ceopsuo {venom, rElec} (You found
                  | it on level 8 of the Dungeon)
  8928 | D:9      | Found a staircase to the Orcish Mines.
  9099 | D:8      | Gained mutation: You are frail. (-10% HP) [potion of
                  | mutation]
  9099 | D:8      | Gained mutation: You expend magic power (3 MP) to
                  | strengthen your wands. [potion of mutation]
  9099 | D:8      | Gained mutation: You tend to lose your temper in combat.
                  | [potion of mutation]
  9099 | D:8      | Gained mutation: You have a pair of small horns on your
                  | head. [potion of mutation]
  9100 | D:8      | Lost mutation: You tend to lose your temper in combat.
                  | [potion of mutation]
  9100 | D:8      | Lost mutation: You have a pair of small horns on your head.
                  | [potion of mutation]
  9100 | D:8      | Lost mutation: You expend magic power (3 MP) to strengthen
                  | your wands. [potion of mutation]
  9100 | D:8      | Gained mutation: You are surrounded by a mild repulsion
                  | field. (EV +2) [potion of mutation]
  9100 | D:8      | Gained mutation: You are partially covered in rugged brown
                  | scales. (AC +1, +3% HP) [potion of mutation]
  9197 | D:9      | Learned a level 3 spell: Stone Arrow
  9361 | D:9      | Noticed a two-headed ogre
  9391 | D:9      | Killed a two-headed ogre
  9391 | D:9      | Reached skill level 5 in Dodging
  9559 | D:9      | Noticed a wizard
  9583 | D:9      | Paralysed by a wizard for 3 turns
  9585 | D:9      | Noticed Harold
  9589 | D:9      | Paralysed by a wizard for 5 turns
  9592 | D:9      | Noticed a skeletal warrior
  9594 | D:9      | Killed Harold
  9594 | D:9      | Reached XP level 11. HP: 34/85 MP: 3/20
  9601 | D:9      | Killed a wizard
  9866 | D:9      | Found Mutrier's Gadget Emporium.
  9918 | D:9      | Found a radiant altar of Vehumet.
  9918 | D:9      | Found a faded altar of an unknown god.
  9927 | D:9      | Noticed Pikel
  9931 | D:9      | Killed Pikel
  9947 | D:9      | Found a glowing golden altar of the Shining One.
  9949 | D:9      | Found an ancient bone altar of Kikubaaqudgha.
  9951 | D:9      | Found a glowing silver altar of Zin.
 10354 | D:9      | Killed a skeletal warrior
 10374 | D:10     | Entered Level 10 of the Dungeon
 10487 | Orc:1    | Entered Level 1 of the Orcish Mines
 10543 | Orc:1    | Found a dark tunnel.
 10544 | Volcano  | Entered a volcano
 10561 | Volcano  | Noticed a stone giant
 10590 | Volcano  | Killed a stone giant
 10590 | Volcano  | Reached skill level 5 in Fighting
 10762 | Orc:1    | Found a runed door.
 10762 | Orc:1    | Noticed an orange crystal statue
 10781 | Orc:1    | Found a flagged portal.
 10806 | Bailey   | Entered a bailey
 11127 | Bailey   | Found an iron altar of Okawaru.
 11205 | Orc:2    | Entered Level 2 of the Orcish Mines
 11205 | Orc:2    | Noticed an orc warlord
 11220 | Orc:1    | HP: 3/89 [troll[an orc warlord] (11)]
 11353 | Orc:1    | Reached ** piety under Ashenzari
 11411 | Orc:1    | Noticed an orc knight
 11431 | Orc:1    | Slain by an orc warrior

Vault maps used:
D:1:      sevenhm_arrival_forest_fort_small_3, hangedman_decor_slide_cut,
          minmay_lizard_king
D:2:      makhleb_heckhound_becter
D:3:      gammafunk_temple_overflow_statue, minivault_23, uniq_terence,
          uniq_jessica, uniq_robin
D:4:      dancing_weapons_uskayaw, marbit_many_paths, first_ration,
          minmay_misc_feat_alley, uniq_crazy_yiuf_cottage
D:6:      hellmonk_ghost_happy_afterlife
D:7:      grunt_temple_overflow_forces_of_nature, okawaru_ov_weapons_minmay,
          minmay_temple_entry_trees
D:8:      minmay_the_grid_triangle_9x9_rhombus_full
D:9:      minmay_bloctagon_deflated, chequers_temple_overflow_minitemple,
          hiddenorc2_lemuel, serial_shops, shop, uniq_pikel, uniq_harold
D:10:     lemuel_upstairs_altar, erik_lair_orcish_takeover, blue_anna_alchemist
Orc:1:    enter_bailey_4, nicolae_volcano_entry_s_turn,
          chequers_guarded_unrand_ignorance
Orc:2:    st_orc_rangers
Bailey:   bailey_axe_3, bailey
Volcano:  volcano_pools

Skill      XL: |  1  2  3  4  5  6  7  8  9 10 11 |
---------------+----------------------------------+-----
Spellcasting   | 2 3 4 6 7 |  7.1
Earth Magic    | 5 6 7 9 10 | 10.0
Short Blades   | 2 5 7 8 |  8.3
Stealth        | 5 7 8 |  8.1
Evocations     | 3 6 8 |  8.0
Fighting       | 4 5 |  5.6
Dodging        | 5 7 |  7.3
Transmutations | |  0.8

Action                   |  1- 3 |  4- 6 |  7- 9 | 10-12 || total
-------------------------+-------+-------+-------+-------++-------
Melee: Short sword       |    59 |     5 |     7 |       ||    71
       Quarterstaff      |       |       |    72 |       ||    72
       Dagger            |       |       |   166 |   114 ||   280
 Cast: Sandblast         |    25 |    31 |    77 |    27 ||   160
       Lee's Rapid Decon |       |     2 |     9 |    43 ||    54
       Petrify           |       |       |    13 |    28 ||    41
       Passwall          |       |       |     4 |     3 ||     7
       Stone Arrow       |       |       |       |    12 ||    12
Invok: Curse Item        |       |       |     1 |     2 ||     3
 Abil: Heal Wounds       |     1 |       |       |     6 ||     7
Evoke: Wand              |       |       |     2 |    10 ||    12
  Use: Scroll            |       |     6 |     8 |     2 ||    16
       Potion            |       |       |     3 |    14 ||    17
 Stab: Sleeping          |     4 |       |    13 |    10 ||    27
       Petrified         |       |       |    15 |     6 ||    21
       Confused          |       |       |     1 |       ||     1
       Distracted        |       |       |     1 |     1 ||     2
       Petrifying        |       |       |     2 |     9 ||    11
       Invisible         |       |       |       |     2 ||     2
  Eat: Chunk             |       |     4 |    24 |    16 ||    44
       Ration            |       |       |       |     3 ||     3
Armor: Robe              |     9 |     2 |    49 |       ||    60
       Leather armour    |       |       |    11 |    21 ||    32
Dodge: Dodged            |    42 |     3 |   156 |   103 ||   304
Block: Other             |       |       |       |     4 ||     4

Table legend:
 A = Non-vault XP
 B = Vault XP
 C = Vault XP percentage of total XP
 D = Non-vault monster count
 E = Vault monster count
 F = Vault count percentage of total count
                 A         B        C        D         E       F
            +---------+---------+-------+---------+---------+-------
      Total |    6375 |   11208 |  63.7 |     175 |     120 |  40.7
            +---------+---------+-------+---------+---------+-------
        D:1 |      78 |      11 |  12.4 |      34 |       9 |  20.9
        D:2 |      87 |      45 |  34.1 |      20 |       1 |   4.8
        D:3 |      24 |     107 |  81.7 |       8 |      13 |  61.9
        D:4 |     585 |      53 |   8.3 |      18 |       2 |  10.0
        D:5 |     186 |       0 |   0.0 |       8 |       0 |   0.0
        D:6 |     528 |     622 |  54.1 |      20 |       1 |   4.8
        D:7 |     789 |       0 |   0.0 |      30 |       0 |   0.0
        D:8 |    1986 |    4246 |  68.1 |      17 |      31 |  64.6
        D:9 |    1159 |    3544 |  75.4 |       9 |      37 |  80.4
       D:10 |     166 |       0 |   0.0 |       2 |       0 |   0.0
      Orc:1 |     787 |      13 |   1.6 |       9 |       5 |  35.7
     Bailey |       0 |     434 | 100.0 |       0 |      16 | 100.0
    Volcano |       0 |    2133 | 100.0 |       0 |       5 | 100.0
            +---------+---------+-------+---------+---------+-------
